 Dungeon Crawl Stone Soup version 0.22-b1-21-g5cfc1688f2 (webtiles) character file.

366 IceCat the Slasher (level 7, 0/54 HPs)
             Began as a Formicid Fighter on Aug 6, 2018.
             Was a Follower of Okawaru.
             Blown up by Ijyb (4 damage)
             ... with a wand of disintegration (18)
             ... on level 4 of the Dungeon.
             The game lasted 00:13:46 (3727 turns).

IceCat the Slasher (Formicid Fighter)               Turns: 3727, Time: 00:13:46

Health: 0/54       AC:  9    Str: 23    XL:     7   Next: 1%
Magic:  0/7        EV:  6    Int:  7    God:    Okawaru [*.....]
Gold:   197        SH: 10    Dex: 10    Spells: 6/6 levels left

rFire    . . .     SeeInvis +   a - +0 long sword
rCold    . . .     Gourm    .   c - +0 shield
rNeg     . . .     Faith    .   q - +0 chain mail (curse)
rPois    .         Spirit   +   (helmet unavailable)
rElec    .         Reflect  .   i - scarf {cloud immunity}
rCorr    .         Harm     .   (no gloves)
MR       .....                  (no boots)
Stlth    ..........             m - amulet of guardian spirit
HPRegen  0.18/turn              (no ring)
MPRegen  0.10/turn              (no ring)

@: lethally poisoned (0 -> -1)
A: permanent stasis, dig shafts and tunnels, four strong arms, antennae 3
a: Dig, Shaft Self, Heroism, Renounce Religion


You were on level 4 of the Dungeon.
You worshipped Okawaru.
Okawaru was aware of your devotion.
You were hungry.

You visited 1 branch of the dungeon, and saw 5 of its levels.

You collected 197 gold pieces.

Inventory:

Hand Weapons
 a - a +0 long sword (weapon)
 k - a +0 mace of holy wrath
Armour
 b - a +0 scale mail
 c - a +0 shield (worn)
 i - a scarf of cloud immunity (worn)
 q - a cursed +0 chain mail (worn)
Jewellery
 m - an amulet of guardian spirit (around neck)
 t - an uncursed amulet of rage {unknown}
Wands
 s - a wand of flame (22)
Scrolls
 g - 3 scrolls of fog {unknown}
 l - 3 scrolls of amnesia {unknown}
 n - a scroll of random uselessness {unknown}
 o - 3 scrolls of identify {unknown}
 p - 3 scrolls of immolation {unknown}
 r - a scroll of remove curse {unknown}
 v - a scroll of teleportation {unknown}
Potions
 d - 3 potions of might
 j - a potion of haste
 u - a potion of magic {unknown}
Comestibles
 f - 7 rations
 h - 3 chunks of flesh


   Skills:
 + Level 4.1 Fighting
 * Level 5.3 Long Blades
 + Level 4.2 Armour
 + Level 4.7 Shields


You had 6 spell levels left.
You didn't know any spells.
Your spell library was empty.

Dungeon Overview and Level Annotations

Branches:
Dungeon (5/15)
 Temple: D:4-7

Altars:
Fedhas
Gozag
Hepliaklqana
Makhleb
Okawaru
Trog
Yredelemnul

Shops:
D:2 *

Annotations:
D:4 Ijyb


Innate Abilities, Weirdness & Mutations

You cannot be hasted, slowed, berserked, paralysed or teleported.
You can dig through walls and to a lower floor.
Your four strong arms can wield two-handed weapons with a shield.
You have a pair of large antennae on your head. (SInv)


Message History

You hit Ijyb.
Ijyb is moderately wounded.
Ijyb closely misses you.
You barely miss Ijyb.
Ijyb is moderately wounded.
You feel sick. You block Ijyb's attack.
You hit Ijyb.
Ijyb is moderately wounded.
You feel sick.
Ijyb zaps a wand.
You are blasted!
It is a wand of disintegration (19).
You hit Ijyb but do no damage.
Ijyb is moderately wounded.
Ijyb zaps a wand.
You are blasted!
* * * LOW HITPOINT WARNING * * *
You hit Ijyb but do no damage.
Ijyb is moderately wounded.
You feel sick.
Ijyb screams, "No!
No, no, no, no!"
Ijyb zaps a wand.
You are blasted!
You die...

#.........#
#####
##.#.#.#.##
#.........#
...#.#?#.#.##
#..........#
#$#.#.#.#<###
...........#
#.#.#.#.#g#.#
...#..##†@#..#
### ##.
#..#.## ..
#.##.# #. .#
## ##


You could see Ijyb.

Vanquished Creatures
  2 scorpions (D:4)
  An orc priest (D:4)
  An orc wizard (D:3)
  An iguana (D:4)
  Jessica (D:3)
  Natasha (D:4)
  Robin (D:2)
  3 adders
  An ooze (D:3)
  An adder skeleton (D:4)
  2 worms (D:2)
  3 dart slugs (D:2)
  2 leopard geckos (D:2)
  5 orcs
  14 goblins
  4 hobgoblins (D:2)
  7 jackals
  A quokka (D:2)
  2 ball pythons
  9 bats
  3 frilled lizards
  5 kobolds
  A leopard gecko skeleton (D:2)
  9 rats
80 creatures vanquished.

Notes
Turn   | Place    | Note
-------+----------+-------------------------------------------
     0 | D:1      | IceCat the Formicid Fighter began the quest for the Orb.
     0 | D:1      | Reached XP level 1. HP: 18/18 MP: 1/1
   614 | D:1      | Reached XP level 2. HP: 24/24 MP: 2/2
  1029 | D:2      | Noticed Robin
  1043 | D:2      | Reached XP level 3. HP: 28/29 MP: 3/3
  1066 | D:2      | Killed Robin
  1074 | D:2      | Reached skill level 3 in Long Blades
  1104 | D:2      | Reached XP level 4. HP: 31/36 MP: 4/4
  1189 | D:2      | Found Gozag's Platinum Reserve.
  1191 | D:2      | Found an opulent altar of Gozag.
  2149 | D:3      | Reached XP level 5. HP: 42/42 MP: 5/5
  2180 | D:3      | Found a bloodstained altar of Trog.
  2219 | D:3      | Found a basalt altar of Yredelemnul.
  2223 | D:3      | Found a burning altar of Makhleb.
  2223 | D:3      | Found a blossoming altar of Fedhas.
  2230 | D:3      | Found a hazy altar of Hepliaklqana.
  2319 | D:3      | Found an iron altar of Okawaru.
  2387 | D:3      | Became a worshipper of Warmaster Okawaru
  2549 | D:3      | Found a blossoming altar of Fedhas.
  2550 | D:3      | Noticed Jessica
  2555 | D:3      | Killed Jessica
  2555 | D:3      | Reached skill level 4 in Long Blades
  3021 | D:4      | Reached XP level 6. HP: 9/48 MP: 3/6
  3025 | D:4      | HP: 1/48 [poisoned by a scorpion]
  3313 | D:4      | Noticed Natasha
  3315 | D:4      | Killed Natasha
  3327 | D:4      | Reached skill level 5 in Long Blades
  3693 | D:4      | Noticed Ijyb
  3704 | D:5      | Entered Level 5 of the Dungeon
  3720 | D:4      | Reached * piety under Okawaru
  3720 | D:4      | Reached XP level 7. HP: 38/54 MP: 7/7
  3727 | D:4      | Blown up by Ijyb

Skill      XL: |  1  2  3  4  5  6 |
---------------+-------------------+-----
Shields        | 4 |  4.7
Long Blades    | 3 4 5 |  5.3
Armour         | 4 |  4.2
Fighting       | 4 |  4.1

Action                   |  1- 3 |  4- 6 |  7- 9 || total
-------------------------+-------+-------+-------++-------
Melee: Long sword        |   105 |   223 |     7 ||   335
  Use: Potion            |       |     5 |       ||     5
  Eat: Chunk             |     1 |     8 |       ||     9
Armor: Scale mail        |    44 |    24 |       ||    68
       Chain mail        |       |    92 |       ||    92
Dodge: Dodged            |    23 |    68 |     3 ||    94
Block: Shield            |    55 |   125 |     2 ||   182
       Rpst.: Long sword |     5 |    20 |       ||    25
